 Dungeon Crawl Stone Soup version 0.28.0-62-gf88900778d (webtiles) character file.

Game seed: 7342012387553465041

6059 cbfl8 the Cleaver (level 10, -7/90 HPs)
             Began as a Minotaur Berserker on May 20, 2023.
             Was an Elder of Trog.
             Mangled by a komodo dragon (21 damage)
             ... on level 8 of the Dungeon.
             The game lasted 00:09:49 (9784 turns).

cbfl8 the Cleaver (Minotaur Berserker)              Turns: 9784, Time: 00:09:49

Health: -7/90      AC: 15    Str: 29    XL:     10   Next: 57%
Magic:  9/9        EV:  9    Int:  4    God:    Trog [****..]
Gold:   272        SH:  0    Dex: 13    Spells: 9/9 levels left

rFire   + . .      SeeInvis .   a - +0 hand axe
rCold   + . .      Faith    .   (no shield)
rNeg    . . .      Spirit   .   d - +0 plate armour
rPois   .          Reflect  .   (helmet restricted)
rElec   .          Harm     .   q - scarf {rC+ rF+}
rCorr   +          Rampage  .   (no gloves)
Will    .....                   j - +0 pair of boots
Stlth   ..........              (no amulet)
HPRegen 0.25/turn               n - +6 ring of strength
MPRegen 0.11/turn               y - ring of resist corrosion

@: no status effects
A: horns 2, retaliatory headbutt
a: Renounce Religion, Berserk, Trog's Hand, Brothers in Arms


You were on level 8 of the Dungeon.
You worshipped Trog.
Trog was greatly pleased with you.
You visited 1 branch of the dungeon, and saw 8 of its levels.
You also visited: Ossuary.

You collected 272 gold pieces.

Inventory:

Hand Weapons
 a - a +0 hand axe (weapon)
Missiles
 m - 3 throwing nets (quivered)
Armour
 d - a +0 plate armour (worn)
 j - a +0 pair of boots (worn)
 q - a scarf of resistance (worn)
Jewellery
 n - a +6 ring of strength (left hand)
 y - a ring of resist corrosion (right hand)
Wands
 p - a wand of iceblast (10)
 v - a wand of digging (6)
Scrolls
 b - 3 scrolls of teleportation
 c - 2 scrolls of fear {unknown}
 f - 2 scrolls of magic mapping
 o - 2 scrolls of blinking
 x - a scroll of noise {unknown}
Potions
 e - a potion of might {unknown}
 h - 5 potions of heal wounds {unknown}
 i - 5 potions of curing {unknown}
 k - a potion of ambrosia {unknown}
 l - a potion of cancellation {unknown}
 r - 2 potions of attraction {unknown}
 s - 4 potions of mutation {unknown}
 t - 2 potions of magic {unknown}
 u - a potion of degeneration {unknown}


   Skills:
 + Level 8.6 Fighting
 + Level 11.6 Axes
 + Level 9.7 Armour
 + Level 4.6 Dodging
 + Level 0.9 Stealth
 * Level 6.5 Evocations


You had 9 spell levels left.
You didn't know any spells.
Your spell library was empty.

Dungeon Overview and Level Annotations

Branches:
Dungeon (8/15)             Temple (0/1) D:6         Ossuary (visited)
   Lair: D:8-11

Altars:
Gozag
Qazlal
Trog
Uskayaw

Shops:
D:7 **

Portals:
Abyss: D:4

Annotations:
D:4 2 transporters, thiscave3701365's ghost, amateur GnBe


Innate Abilities, Weirdness & Mutations

You have a pair of horns on your head.
You reflexively headbutt those who attack you in melee.


Message History

You closely miss the bullfrog. You headbutt the bullfrog.
The bullfrog is severely wounded.
The bullfrog hits you but does no damage.
Unknown command.
You slash the bullfrog!
You kill the bullfrog!
Trog accepts your kill.
You hit the komodo dragon.
The killer bee zombie hits you but does no damage.
The komodo dragon bites you!!
Unknown command.
You are too injured to fight recklessly!
Unknown command.
You are too injured to fight recklessly!
Unknown command.
You are too injured to fight recklessly!
You hit the komodo dragon.
The komodo dragon is lightly wounded.
You closely miss the killer bee zombie.
You recover from your berserk rage.
A black bear comes into view.
The killer bee zombie closely misses you.
You hit the komodo dragon but do no damage.
The komodo dragon is lightly wounded.
You barely miss the killer bee zombie.
The killer bee zombie closely misses you.
The komodo dragon bites you!!
* * * LOW HITPOINT WARNING * * *
Unknown command.
You closely miss the komodo dragon.
The komodo dragon is lightly wounded.
You hit the killer bee zombie.
The killer bee zombie barely misses you.
The komodo dragon bites you.
* * * LOW HITPOINT WARNING * * *
The killer bee zombie hits you but does no damage.
The killer bee zombie hits you.
* * * LOW HITPOINT WARNING * * *
The komodo dragon bites you!!
You die...

#W#
#.#
#.#
#.#
#.#
###.#
#.h.##
#Z#..#
#@l..#
#.#.##
#....#
######


You could see a komodo dragon, a black bear and a killer bee zombie.

Vanquished Creatures
  Harold (D:7)
  An ugly thing (D:7)
  A manticore (D:7)
  Maggie (D:7)
  2 wraiths
  A wyvern (D:7)
  A steam dragon (D:6)
  Edmund (D:6)
  Menkaure (D:6)
  A water moccasin (D:5)
  3 ice beasts
  A sky beast (D:7)
  2 black bears
  2 necrophages
  4 ogres
  A phantom (D:5)
  An elf zombie (Ossuary)
  3 bullfrogs
  2 elf skeletons (D:5)
  A wyvern zombie (D:7)
  3 scorpions
  2 wyvern skeletons
  A water moccasin skeleton (D:5)
  2 wights
  6 killer bees (D:6)
  2 bullfrog zombies
  A bullfrog skeleton (D:4)
  A human zombie (Ossuary)
  3 jellies
  4 centaur zombies
  3 orc priests
  2 centaur skeletons (D:7)
  2 human skeletons (D:5)
  2 iguanas
  2 orc wizards
  2 mummies (Ossuary)
  3 howler monkey zombies
  4 gnolls
  9 adders
  A shadow imp (D:6)
  2 white imps
  2 ufetubi
  2 adder zombies (Ossuary)
  3 worms
  2 dart slugs
  12 orcs
  4 ball pythons
  7 bats
  6 endoplasms
  6 giant cockroaches
  8 hobgoblins
  9 kobolds
  7 quokkas
  4 frilled lizards
  6 goblins
  A goblin zombie (Ossuary)
  9 hobgoblin zombies (Ossuary)
  A jackal zombie (Ossuary)
  11 kobold zombies (Ossuary)
  2 orc skeletons (D:5)
  7 orc zombies (Ossuary)
  5 rats
  2 rat zombies (Ossuary)
  A bush (D:1)
205 creatures vanquished.

Vanquished Creatures (others)
  78 plants
78 creatures vanquished.

Grand Total: 283 creatures vanquished

Notes
Turn   | Place    | Note
-------+----------+-------------------------------------------
     0 | D:1      | cbfl8 the Minotaur Berserker began the quest for the Orb.
     0 | D:1      | Reached XP level 1. HP: 19/19 MP: 0/0
   159 | D:1      | Reached XP level 2. HP: 27/27 MP: 1/1
   172 | D:1      | Reached skill level 4 in Axes
   202 | D:1      | Found a faded altar of an unknown god.
   496 | D:1      | Reached XP level 3. HP: 23/33 MP: 2/2
   633 | D:1      | Reached ** piety under Trog
  1491 | D:2      | Reached XP level 4. HP: 36/40 MP: 3/3
  1966 | D:2      | Reached skill level 1 in Evocations
  2967 | D:3      | Reached XP level 5. HP: 13/47 MP: 4/4
  3341 | D:3      | Found a faded altar of an unknown god.
  3398 | D:3      | Reached skill level 5 in Axes
  3983 | D:3      | Reached *** piety under Trog
  3984 | D:3      | Found a bloodstained altar of Trog.
  4102 | D:4      | Noticed a small abomination
  4108 | D:4      | Found a one-way gate to the infinite horrors of the Abyss.
  4108 | D:4      | Found a transporter.
  4108 | D:4      | Noticed thiscave3701365's ghost (amateur GnBe)
  4108 | D:4      | Noticed a small abomination
  4183 | D:4      | Noticed an ogre
  4184 | D:4      | Noticed a small abomination
  4191 | D:4      | Killed an ogre
  4192 | D:4      | Reached skill level 5 in Fighting
  4192 | D:4      | Reached XP level 6. HP: 56/56 MP: 5/5
  4259 | D:4      | Reached skill level 6 in Axes
  4444 | D:4      | Reached XP level 7. HP: 40/62 MP: 6/6
  4692 | D:4      | Found a transporter.
  5045 | D:5      | Entered Level 5 of the Dungeon
  5256 | D:5      | Found a sand-covered staircase.
  5266 | Ossuary  | Entered an ossuary
  5464 | Ossuary  | Reached skill level 5 in Armour
  5485 | Ossuary  | Reached XP level 8. HP: 61/71 MP: 7/7
  5496 | Ossuary  | Reached **** piety under Trog
  5497 | Ossuary  | Reached skill level 7 in Axes
  6321 | D:5      | Reached skill level 8 in Axes
  6828 | D:6      | Reached XP level 9. HP: 68/79 MP: 8/8
  7012 | D:6      | Reached skill level 9 in Axes
  7056 | D:6      | Noticed Edmund
  7071 | D:6      | Killed Edmund
  7571 | D:6      | Reached skill level 5 in Evocations
  7649 | D:6      | Found a staircase to the Ecumenical Temple.
  7654 | D:6      | Noticed Menkaure
  7661 | D:6      | Killed Menkaure
  8021 | D:6      | Found an opulent altar of Gozag.
  8173 | D:7      | Noticed Harold
  8185 | D:7      | Killed Harold
  8186 | D:7      | Reached skill level 10 in Axes
  8827 | D:7      | Reached XP level 10. HP: 88/88 MP: 9/9
  8852 | D:7      | Found Dakorph's Specific Store.
  8854 | D:7      | Found Leskoux's General Store.
  8898 | D:7      | Found a stormy altar of Qazlal.
  8931 | D:7      | Noticed a manticore
  8943 | D:7      | Killed a manticore
  8950 | D:7      | Reached skill level 11 in Axes
  9208 | D:7      | Noticed Maggie
  9226 | D:7      | Killed Maggie
  9581 | D:7      | Found a hide-covered altar of Uskayaw.
  9684 | D:8      | Noticed a brown ugly thing
  9746 | D:7      | Killed a brown ugly thing
  9784 | D:8      | Mangled by a komodo dragon

Illustrated notes

Levels and vault maps discovered:
D:1:      lightli_arrival_chessboard, layout_basic,
          hellmonk_ecumenical_altar_inner_sanctum, serial_forest,
          infiniplex_forest_end_1, infiniplex_forest_zigzag_1,
          infiniplex_forest_clump_curved, infiniplex_forest_diagonal,
          infiniplex_forest_lined_room_2, infiniplex_forest_lined_room_2,
          infiniplex_forest_straight_2, infiniplex_forest_straight_3,
          infiniplex_forest_end_3
D:2:      layout_basic
D:3:      layout_loops_cross, nicolae_overflow_ecumenical_swirl, serial_bayou,
          serial_bayou_lagoon_a, serial_bayou_pond_c, serial_bayou_shore_b,
          serial_bayou_pond_e, serial_bayou_ford_a, serial_bayou_pond_e
D:4:      layout_rooms, gammafunk_ghost_abyssal_escape, minmay_between
D:5:      layout_loops_ring, nicolae_ossuary_entry_catacombs
D:6:      layout_basic, lemuel_doored_altar, minmay_temple_entry_junction,
          kennysheep_nub, uniq_menkaure, uniq_edmund
D:7:      cheibrodos_barr_body, layout_loops_cross, hangedman_feature_mirror,
          nicolae_specific_store, minmay_holes, uniq_maggie, uniq_harold
D:8:      layout_basic, grunt_lair_entry_orc_guard_hut,
          corexii_leaking_fountain, uniq_joseph

Skill      XL: |  1  2  3  4  5  6  7  8  9 10 |
---------------+-------------------------------+-----
Axes           | 4 5 6 8 10 11 | 11.6
Fighting       | 4 5 6 7 8 |  8.6
Dodging        | 3 4 |  4.6
Evocations     | 1 2 3 4 6 |  6.5
Armour         | 3 5 6 8 9 |  9.7
Stealth        | |  0.9

Action                   |  1- 3 |  4- 6 |  7- 9 | 10-12 || total
-------------------------+-------+-------+-------+-------++-------
Melee: Hand axe          |   171 |   131 |   333 |    98 ||   733
       Headbutt          |    48 |    17 |    90 |    29 ||   184
       Punch             |     3 |     2 |     4 |     3 ||    12
Invok: Berserk           |       |     3 |     3 |     2 ||     8
  Use: Scroll            |       |       |     6 |     1 ||     7
 Stab: Sleeping          |     2 |       |       |       ||     2
Armor: Animal skin       |    18 |    12 |       |       ||    30
       Ring mail         |       |    13 |       |       ||    13
       Chain mail        |       |     8 |   119 |       ||   127
       Plate armour      |       |       |    22 |    50 ||    72
Dodge: Dodged            |    59 |    72 |   142 |    38 ||   311
